 Dungeon Crawl Stone Soup version 0.32-a0-913-g739538afd8 (webtiles) character file.

Game seed: 14335371933022776442

16880 FireVortex the Carver (level 12, -4/93 HPs)
             Began as a Coglin Brigand on Apr 7, 2024.
             Was a Priest of Qazlal.
             Slain by an ogre
             ... wielding a +0 giant spiked club
             ... led by Lodul
              (15 damage)
             ... on level 10 of the Dungeon.
             The game lasted 00:19:35 (14104 turns).

FireVortex the Carver (Coglin Brigand)             Turns: 14104, Time: 00:19:35

Health: -4/93      AC:  8    Str: 13    XL:     12   Next: 42%
Magic:  15/16      EV: 11    Int: 11    God:    Qazlal [***...]
Gold:   658        SH:  4    Dex: 19    Spells: 9/11 levels left

rFire   + . .        g - +0 scimitar {Svenja}
rCold   . . .        O - +4 scimitar (flame) {Teghnoor}
rNeg    . . .        K - +2 scale mail {rF+}
rPois   .            (helmet restricted)
rElec   .            A - scarf {repulsion}
rCorr   .            (no gloves)
SInv    .            (no boots)
Will    .....        (amulet unavailable)
Stlth   +            (ring unavailable)
HPRegen 0.35/turn    (ring unavailable)
MPRegen 0.15/turn    (no gizmo)

%: repel missiles
@: revving
A: off-hand wielding, slow wielding, warmup strikes, no jewellery, horns 1, low
MP 1
a: Invent Gizmo, Renounce Religion, Upheaval, Elemental Force


You were on level 10 of the Dungeon.
You worshipped Qazlal.
Qazlal was most pleased with you.
You visited 2 branches of the dungeon, and saw 11 of its levels.

You collected 736 gold pieces.
You spent 78 gold pieces at shops.

Inventory:

Hand Weapons
 a - a +2 dagger {Navbir}
 f - a +0 dagger {Qiang}
 g - a +0 scimitar (weapon) {Svenja}
 t - a +0 long sword {Shunnar}
 y - a +2 short sword of protection {Kun}
 O - a +4 scimitar of flaming (offhand) {Teghnoor}
Missiles
 d - 30 poisoned darts (quivered)
 e - 7 curare-tipped darts {=f}
 n - 6 datura-tipped darts
 P - 2 atropa-tipped darts
 R - a throwing net {=f!f}
Armour
 c - a +0 cloak
 i - a +0 ring mail
 o - the +1 robe "Ezilu" {rPois rCorr Dex+4}
   (You found it on level 2 of the Dungeon)

   Dex+4:     It affects your dexterity (+4).
   rPois:     It protects you from poison.
   rCorr:     It protects you from acid and corrosion.
 A - a scarf of repulsion (worn)
 K - a +2 scale mail of fire resistance (worn)
 L - a scarf of harm
Magical Staves
 k - a staff of death {!a}
Wands
 j - a wand of paralysis (2)
 v - a wand of digging (8)
 G - a wand of polymorph (17)
 N - a wand of quicksilver (1)
Scrolls
 h - a scroll of blinking {!r}
 m - 2 scrolls of revelation
 x - a scroll of silence {!r!r}
 z - a scroll of enchant armour {unknown}
 B - 2 scrolls of vulnerability {!r!r}
 C - 2 scrolls of poison {unknown}
 D - a scroll of enchant weapon
 E - 2 scrolls of noise {unknown}
 F - 2 scrolls of teleportation {@r4}
 J - 2 scrolls of amnesia {unknown}
 M - a scroll of immolation {unknown}
Potions
 b - 2 potions of haste {@q3}
 l - 2 potions of degeneration {!q}
 p - 2 potions of mutation {!q}
 q - 2 potions of enlightenment {unknown}
 r - a potion of berserk rage {unknown}
 s - 2 potions of lignification {unknown}
 u - 2 potions of heal wounds {unknown}
 w - a potion of ambrosia {unknown}
 H - 2 potions of attraction {unknown}
 I - a potion of might {unknown}
 Q - a potion of resistance {unknown}
 T - a potion of curing {@q1}


   Skills:
 + Level 8.2 Fighting
 - Level 1.7(8.3) Short Blades
 * Level 13.7(13.8) Long Blades
 - Level 1.7 Throwing
 + Level 7.3 Dodging
 - Level 3.2 Stealth
 + Level 7.7 Invocations


You had 9 spell levels left.
You knew the following spells:

 Your Spells              Type           Power      Damage    Failure   Level
b - Blink                 Tloc           0%         N/A       95%         2

Your spell library contained the following spells:

 Spells                   Type           Power      Damage    Failure   Level
 Foxfire                  Conj/Fire      0%         2x1d4     87%         1
 Mercury Vapours          Alch/Air       0%         N/A       95%         2
 Mephitic Cloud           Conj/Alch/Air  0%         N/A       99%         3
 Stone Arrow              Conj/Erth      0%         3d7       99%         3
 Animate Armour           Summ/Erth      0%         N/A       100%        4
 Summon Lightning Spire   Summ/Air       0%         N/A       100%        4
 Freezing Cloud           Conj/Ice/Air   0%         6-21      100%        5
 Lee's Rapid Deconstruct  Erth           0%         3d4*      100%        5
 Plasma Beam              Fire/Air       0%         2x1d10    100%        6
 Starburst                Conj/Fire      0%         6d3       100%        6
 Lehudib's Crystal Spear  Conj/Erth      0%         10d2      100%        8


Dungeon Overview and Level Annotations

Branches:
Dungeon (10/15)            Temple (1/1) D:4            Lair (0/5) D:9
    Orc: D:9-12

Altars:
Ashenzari
Cheibriados
Dithmenos
Elyvilon
Fedhas
Gozag
Makhleb
Nemelex Xobeh
Okawaru
Qazlal
Ru
Trog
Uskayaw
Vehumet
Wu Jian
Xom
Yredelemnul
Zin
The Shining One

Shops:
D:1 [   D:7 :

Annotations:
D:6 Jeremiah
D:9 1 runed translucent door


Innate Abilities, Weirdness & Mutations

You can wield a second weapon in your off-hand.
It takes a long time for you to wield or remove held weapons.
Your first few attacks do less damage.
You cannot equip rings or amulets.
You have a pair of small horns on your head.
Your magical capacity is low. (-10% MP)


Message History

a +1 antimagic dagger; a +0 spear; a kobold corpse You start resting.
An orc is nearby!
You are too injured to fight recklessly!
The orc zaps a wand.
Space twists violently!
The rupture engulfs you but does no damage.
You blink.
You hear a shout!
The ogre shouts!
You hear a shout! x3
Unknown command.
Things that are here:
the +5 war axe of the Three Beasts {spect, ^Fragile rN+ rCorr Dex+4}; 6 stones; a wand of warping (7) Lodul is nearby!
Unknown command.
Aiming: Paralyse
Press: ? - help, Q - select action, (/) - cycle Shift-Dir - straight line, f - Lodul
Aim: Lodul, wielding a +0 heavy dire flail and carrying a wand of flame (chance to affect: 31%) Lodul suddenly stops moving!
You hear a shout! x2
You are too injured to fight recklessly!
You are too injured to fight recklessly!
The ogre hits you with a +0 giant club!
* * * LOW HITPOINT WARNING * * *
The helpless Lodul fails to defend himself.
You slice Lodul with your +0 scimitar!!
The helpless Lodul fails to defend himself.
You hit Lodul with your +4 scimitar of flaming.
You burn Lodul. The ogre hits you but does no damage.
The helpless Lodul fails to defend himself.
You hit Lodul but do no damage.
The helpless Lodul fails to defend himself.
You slash Lodul with your +4 scimitar of flaming!
You burn Lodul.
Lodul is engulfed in blazing flames.
The ogre hits you with a +0 giant club!
* * * LOW HITPOINT WARNING * * *
The helpless Lodul fails to defend himself.
You slice Lodul with your +0 scimitar!!
You kill Lodul!
Qazlal accepts your kill. The ogre hits you with a +0 giant club!
* * * LOW HITPOINT WARNING * * *
The ogre hits you with a +0 giant club!
* * * LOW HITPOINT WARNING * * *
You hear a shout!
Blink to where?
Press: ? - help, Q - select action, (/) - cycle Dir - move target
As you read the scroll of blinking {!r}, it crumbles to dust.
The ogre shouts! x3
The ogre hits you with a +0 giant spiked club!
You die...

.. ## ...#.. ⌠.o...####
.........# ## .......))##
### ##.## #...##..######.##
#...#
#....))..@.#....####...#
#....###).O........##...###
#....##...##................
######..O.##.......^........
#..O§###..#..##.#......#
#..O°###..####..##."....
#...O..#O.# #..........
#..............#####....
#.#......O..O.. ###....


You could see 5 ogres.

Vanquished Creatures
  Harold (D:9)
  Erica (D:8)
  3 two-headed ogres
  Lodul (D:10)
  A skeletal warrior (D:9)
  Pikel (D:8)
  A deep elf pyromancer (D:9)
  2 ugly things
  Maurice (D:6)
  A gargoyle (D:10)
  Maggie (D:8)
  2 kobold demonologists (D:10)
  A troll (D:10)
  Prince Ribbit (D:7)
  2 wyverns (D:7)
  27 yaks
  A steam dragon (D:9)
  An acid dragon (D:9)
  Duvessa (D:6)
  2 water moccasins
  An ice beast (D:5)
  A sky beast (D:7)
  5 orc warriors
  A black bear (D:6)
  A laughing skull (D:9)
  An ogre (D:6)
  4 centaurs
  2 phantoms (D:5)
  3 lemures (D:8)
  2 gnoll sergeants
  4 bullfrogs
  4 kobold brigands
  4 scorpions
  17 wights
  Dowan (D:6)
  6 killer bees
  4 howler monkeys
  3 electric eels (D:10)
  3 bombardier beetles
  5 hounds
  A jelly (D:5)
  5 orc priests
  4 sleepcaps
  3 iguanas
  3 orc wizards
  9 gnolls
  7 adders
  4 white imps
  2 ufetubi (D:5)
  2 dart slugs
  2 ribbon worms
  25 orcs
  8 bats
  14 endoplasms
  A giant cockroach (D:4)
  14 goblins
  10 hobgoblins
  3 jackals (D:1)
  4 quokkas
  11 ball pythons
  4 frilled lizards
  13 kobolds
  7 rats
280 creatures vanquished.

Vanquished Creatures (others)
  An orc (D:10)
1 creature vanquished.

Grand Total: 281 creatures vanquished

Notes
Turn   | Place    | Note
-------+----------+-------------------------------------------
     0 | D:1      | FireVortex the Coglin Brigand began the quest for the Orb.
     0 | D:1      | Reached XP level 1. HP: 16/16 MP: 1/1
    92 | D:1      | Reached skill level 1 in Long Blades
   150 | D:1      | Reached XP level 2. HP: 22/22 MP: 2/2
   248 | D:1      | Reached skill level 2 in Long Blades
   423 | D:1      | Reached XP level 3. HP: 27/27 MP: 3/3
   449 | D:1      | Found Naisiriol's Antique Armour Boutique.
   918 | D:2      | Reached skill level 3 in Long Blades
  1080 | D:2      | Identified the +1 robe "Ezilu" {rPois rCorr Dex+4}
  1090 | D:2      | Reached XP level 4. HP: 33/33 MP: 4/4
  1702 | D:3      | Reached skill level 4 in Long Blades
  1745 | D:3      | Reached XP level 5. HP: 38/38 MP: 5/5
  2220 | D:3      | Found an ornate altar of the Wu Jian Council.
  2243 | D:3      | Reached skill level 5 in Long Blades
  2574 | D:3      | Got the Handbook of Decompression
  3064 | D:4      | Reached XP level 6. HP: 44/44 MP: 6/6
  3297 | D:5      | Entered Level 5 of the Dungeon
  3316 | D:5      | Reached skill level 6 in Long Blades
  3366 | D:5      | Noticed an ice beast
  3373 | D:5      | Killed an ice beast
  3374 | D:5      | Reached XP level 7. HP: 36/50 MP: 7/7
  3379 | D:5      | Reached skill level 7 in Long Blades
  3897 | D:4      | Reached skill level 1 in Dodging
  4086 | D:4      | Reached skill level 8 in Long Blades
  4320 | D:4      | Found a staircase to the Ecumenical Temple.
  4370 | Temple   | Entered the Ecumenical Temple
  4392 | Temple   | Became a worshipper of Qazlal Stormbringer
  4892 | D:6      | Reached skill level 1 in Invocations
  4892 | D:6      | Reached XP level 8. HP: 56/57 MP: 8/8
  5219 | D:6      | Noticed Dowan
  5235 | D:6      | Noticed Duvessa
  5249 | D:6      | Killed Duvessa
  5264 | D:6      | Killed Dowan
  5265 | D:6      | Reached skill level 3 in Fighting
  5710 | D:6      | Noticed Jeremiah
  6058 | D:7      | Reached skill level 9 in Long Blades
  6091 | D:7      | Reached skill level 3 in Invocations
  6102 | D:7      | Reached XP level 9. HP: 58/65 MP: 11/11
  6129 | D:7      | Found Zucoh's Tiny Tomes.
  6134 | D:7      | Bought the Tome of Places for 78 gold pieces
  6137 | D:7      | Learned a level 2 spell: Blink
  6148 | D:7      | Noticed Maurice
  6182 | D:6      | Reached skill level 3 in Dodging
  6261 | D:6      | Maurice stole a +2 dagger {Navbir}
  6329 | D:6      | Maurice stole 7 curare-tipped darts {=f}
  6331 | D:6      | Maurice stole 309 gold
  6651 | D:6      | Killed Maurice
  6767 | D:6      | Gained mutation: Your magical capacity is low. (-10% MP)
                  | [potion of mutation]
  6767 | D:6      | Gained mutation: You have a pair of small horns on your
                  | head. [potion of mutation]
  6966 | D:7      | Reached * piety under Qazlal
  7562 | D:7      | Reached skill level 10 in Long Blades
  8261 | D:7      | Found a glowing golden altar of the Shining One.
  8434 | D:7      | Reached XP level 10. HP: 73/73 MP: 12/12
  8558 | D:7      | Noticed Prince Ribbit
  8567 | D:7      | Killed Prince Ribbit
  9480 | D:8      | Reached ** piety under Qazlal
  9608 | D:8      | Noticed Maggie
  9631 | D:8      | Reached skill level 11 in Long Blades
  9642 | D:8      | Killed Maggie
  9645 | D:8      | Noticed Erica
  9746 | D:8      | Killed Erica
  9747 | D:8      | Reached skill level 6 in Invocations
  9752 | D:8      | Reached skill level 6 in Fighting
  9943 | D:8      | Noticed Pikel
  9949 | D:8      | Noticed a brown ugly thing
  9964 | D:8      | Killed a brown ugly thing
  9965 | D:8      | Reached XP level 11. HP: 71/81 MP: 14/14
  9968 | D:8      | Killed Pikel
 10205 | D:8      | Reached skill level 12 in Long Blades
 10916 | D:9      | Found a staircase to the Lair.
 10971 | D:9      | Noticed Harold
 11218 | D:9      | Found an iron altar of Okawaru.
 11218 | D:9      | Noticed a two-headed ogre
 11224 | D:9      | Killed a two-headed ogre
 11237 | D:9      | Found a runed translucent door.
 11240 | D:9      | Noticed a two-headed ogre
 11240 | D:9      | Noticed a two-headed ogre
 11241 | D:9      | Found the +0 toga "Victory" {*Victory Clar}
 11253 | D:9      | Killed Harold
 11254 | D:9      | Reached skill level 6 in Dodging
 11306 | D:9      | Paralysed by a wight for 2 turns
 11439 | D:9      | Noticed a cyan ugly thing
 11548 | D:9      | Killed a cyan ugly thing
 12395 | D:9      | Noticed a skeletal warrior
 12400 | D:9      | Killed a skeletal warrior
 12459 | D:9      | Noticed a two-headed ogre
 12465 | D:9      | Killed a two-headed ogre
 12501 | D:9      | Reached skill level 13 in Long Blades
 12518 | D:9      | Reached XP level 12. HP: 43/92 MP: 15/15
 13400 | D:10     | Entered Level 10 of the Dungeon
 13400 | D:10     | Noticed Lodul
 13406 | D:10     | Noticed a two-headed ogre
 13799 | D:10     | Killed a two-headed ogre
 13895 | D:10     | Reached *** piety under Qazlal
 14081 | D:10     | Identified the +5 war axe of the Three Beasts {spect,
                  | ^Fragile rN+ rCorr Dex+4}
 14103 | D:10     | Killed Lodul
 14104 | D:10     | Slain by an ogre

Illustrated notes

Levels and vault maps discovered:
D:1:      giann_horns, layout_loops_ring, serial_shops, shop
D:2:      kennysheep_the_goblin_king, layout_basic
D:3:      minmay_thinvault, layout_basic, mainiacjoe_overflow_alcove_2,
          minmay_pentomino_pile
D:4:      mumra_celtic_spiral_tile, layout_loops_cross,
          minmay_temple_entry_fiery
D:5:      layout_loops_ring
D:6:      hellmonk_ruined_rings, layout_loops_corners, uniq_jeremiah,
          uniq_duvessa
D:7:      layout_basic, mainiacjoe_overflow_alcove_1, dk_noncrumbling_2,
          serial_library_hellmonk_u_bend, nicolae_shop_i_like_small_books_too,
          serial_bayou_pond_d, item_on_display_a, uniq_maurice,
          uniq_prince_ribbit1
D:8:      layout_basic, minmay_statues_item, uniq_maggie, uniq_erica, uniq_pikel
D:9:      wad_statue_garden, layout_long_grid,
          nicolae_overflow_guarded_unrand_okawaru_victory, dpeg_oklobed_lair,
          feat_on_display, uniq_harold
D:10:     layout_cave_pools, nicolae_sif_muna_condensation,
          nicolae_hepliaklqana_hippocampus, kiku_gazebo_pond_becter,
          serial_bayou_lake_a, uniq_lodul
Temple:   regret_index_temple_sphere_string

Skill      XL: |  1  2  3  4  5  6  7  8  9 10 11 12 |
---------------+-------------------------------------+-----
Long Blades    | 1 2 3 4 5 6 8 9 10 11 13 | 13.7
Dodging        | 1 2 4 5 6 7 |  7.3
Invocations    | 1 3 5 6 7 |  7.7
Fighting       | 3 4 6 7 8 |  8.2
Short Blades   | |  1.7
Throwing       | |  1.7
Stealth        | |  3.2

Action                     |  1- 3 |  4- 6 |  7- 9 | 10-12 || total
---------------------------+-------+-------+-------+-------++-------
  Melee: Dagger            |   180 |    89 |       |       ||   269
         Long sword        |       |   106 |   324 |   103 ||   533
         Short sword       |       |    58 |   325 |    74 ||   457
         Headbutt          |       |       |    23 |    85 ||   108
         Scimitar          |       |       |       |   432 ||   432
  Throw: Dart              |       |       |       |     2 ||     2
  Evoke: Wand              |       |       |       |    26 ||    26
    Use: Scroll            |       |       |     7 |     7 ||    14
         Potion            |       |       |     5 |       ||     5
   Stab: Sleeping          |     4 |     5 |     2 |       ||    11
         Paralysed         |       |       |       |    10 ||    10
 Armour: Robe              |     2 |       |       |       ||     2
         Ring mail         |    46 |    67 |   207 |       ||   320
         Scale mail        |       |       |    62 |   232 ||   294
  Dodge: Dodged            |    45 |    52 |   171 |   119 ||   387
         Repelled          |       |     1 |    14 |    18 ||    33
  Block: Other             |       |       |     4 |    24 ||    28

Table legend: (Time is in decaauts)
 A = Elapsed time spent in this place.
 B = Non-inter-level travel time spent in this place.
 C = Inter-level travel time spent in this place.
 D = Time resting spent in this place.
 E = Time spent auto-exploring this place.
 F = Levels seen in this place.
 G = Mean time per level.
                   A        B        C        D        E       F      G
               +--------+--------+--------+--------+--------+-----+--------+
         Total |  14005 |  12918 |   1087 |   3972 |   6883 |  11 | 1273.2 |
       Dungeon |  13960 |  12917 |   1043 |   3972 |   6883 |  10 | 1396.0 |
        Temple |     44 |      1 |     43 |      0 |      0 |   1 |   44.0 |
               +--------+--------+--------+--------+--------+-----+--------+

Top non-repeatable levels by time:
     D:9: 2783 daAuts
     D:6: 2233 daAuts
     D:7: 2111 daAuts
     D:8: 1482 daAuts
     D:5: 1181 daAuts
     D:4: 1029 daAuts
     D:3: 988 daAuts
     D:2: 830 daAuts
     D:1: 782 daAuts
    D:10: 536 daAuts
  Temple: 44 daAuts
